 Dungeon Crawl Stone Soup version 0.29.1-12-g30fa7ad0bf (webtiles) character file.

Game seed: 12856950884731532732

324 oooooof the Trooper (level 6, -3/67 HPs)
             Began as an Ogre Berserker on Jan 5, 2023.
             Was a Believer of Trog.
             Slain by a scorpion (5 damage)
             ... on level 4 of the Dungeon.
             The game lasted 00:05:07 (4965 turns).

oooooof the Trooper (Ogre Berserker)                Turns: 4965, Time: 00:05:08

Health: -3/67      AC:  4    Str: 26      XL:     6   Next: 48%
Magic:  0/6        EV:  9    Int:  8      God:    Trog [**....]
Gold:   161        SH:  0    Dex:  1 (5)  Spells: 5/5 levels left

rFire   . . .      SeeInvis .   e - +10 giant spiked club of Egomania {freeze, rElec Str+4 Dex-3 Stlth+}
rCold   . . .      Faith    .   (shield currently unavailable)
rNeg    + . .      Spirit   +   b - +0 animal skin
rPois   .          Reflect  .   (helmet restricted)
rElec   +          Harm     .   (no cloak)
rCorr   .          Rampage  .   (gloves unavailable)
Will    ++...      Rnd*Tele +   (boots unavailable)
Stlth   ++........              r - amulet of guardian spirit
HPRegen 1.21/turn               n - ring of positive energy
MPRegen 0.10/turn               (no ring)

@: lethally poisoned (-3 -> -14), strong-willed, regenerating, invisible
A: large, unfitting armour, tough skin 1, clumsy 1, shaggy fur 1, teleportitis 1
a: Renounce Religion, Berserk, Trog's Hand


You were on level 4 of the Dungeon.
You worshipped Trog.
Trog was pleased with you.
You visited 1 branch of the dungeon, and saw 4 of its levels.

You collected 161 gold pieces.

Inventory:

Hand Weapons
 e - the +10 giant spiked club of Egomania (weapon) {freeze, rElec Str+4 Dex-3 Stlth+}
   (You acquired it on level 4 of the Dungeon)

   It freezes those it strikes, dealing additional cold damage.
   It can also slow down cold-blooded creatures.
   Str:       It affects your strength (+4).
   Dex:       It affects your dexterity (-3).
   rElec:     It insulates you from electricity.
   Stlth:     It makes you more stealthy.
Missiles
 k - 2 throwing nets (quivered)
Armour
 b - a +0 animal skin (worn)
Jewellery
 l - a ring of flight
 n - a ring of positive energy (left hand)
 r - an amulet of guardian spirit (around neck)
Scrolls
 a - a scroll of immolation {unknown}
 g - 2 scrolls of identify
 q - 4 scrolls of blinking {unknown}
 s - a scroll of noise {unknown}
Potions
 d - a potion of might
 f - a potion of heal wounds {unknown}
 h - a potion of resistance {unknown}


   Skills:
 - Level 5.7 Fighting
 * Level 5.7 Maces & Flails
 - Level 2.6 Dodging


You had 5 spell levels left.
You didn't know any spells.
Your spell library was empty.

Dungeon Overview and Level Annotations

Branches:
Dungeon (4/15)             Temple (0/1) D:4

Altars:

Shops:
D:4 *


Innate Abilities, Weirdness & Mutations

You are too large for most types of armour.
You have tough skin. (AC +1)
You are clumsy. (Dex -2)
You are covered in fur. (AC +1)
You are occasionally teleported next to monsters.


Message History

The quasit bites you.
You feel clumsy. The quasit barely misses you.
The quasit claws you but does no damage.
You impale the quasit!! You freeze the quasit.
You kill the quasit!
Trog accepts your kill.
Unknown command.
You barely miss the scorpion. The scorpion stings you. The scorpion stings you!
You are poisoned.
The scorpion poisons you!
You barely miss the scorpion.
You feel very sick. The scorpion stings you.
You are more poisoned.
The scorpion poisons you!
You closely miss the scorpion.
You feel extremely sick. The scorpion stings you.
You are more poisoned.
The scorpion poisons you! The scorpion closely misses you.
You closely miss the scorpion.
You feel extremely sick. The scorpion stings you.
* * * LOW HITPOINT WARNING * * *
The scorpion stings you!
* * * LOW HITPOINT WARNING * * *
You are more poisoned.
The scorpion poisons you!
You fade into invisibility!
* * * LOW HITPOINT WARNING * * *
You feel extremely sick. The scorpion stings you.
* * * LOW HITPOINT WARNING * * *
Your skin crawls.
You feel strong-willed.
* * * LOW HITPOINT WARNING * * *
You feel very sick. The scorpion stings you.
You die...

*,*,,,,......... *,#.#**#.###.##.
*,#.####.###.##.
****##*******,#....(........
*,,,...,,,,,,,#.##.###.##)#.
*,,,....,*****#.......:..†..
*,***##..######.##.#.##.#.#. *,*
#..........##........#. *****,*
#....s@.......#.#..)... **,,,,,**
#......###.##.#......#.
**,***,,**##..∩..# #.##...#......
,,,***,,,* #.....# #.##.#.#.#.##.
,,,,,,,,,* #.....#*#....#........
,****,~~,* #......,#.##.#.#.##)##
,****,~~,**##..###,#.##..........
,,,,,,,,,,>,...* *,#.##.#.##.###.
**************,*##.#.##.#.##.###.


You could see a scorpion (unable to see you).

Vanquished Creatures
  The ghost of Barsook the Trooper, an amateur DsFi (D:3)
  A quasit (D:4)
  2 jellies (D:4)
  An iguana (D:4)
  3 adders
  A shadow imp (D:4)
  2 ufetubi (D:4)
  2 worms
  5 dart slugs
  An orc (D:4)
  4 bats
  9 endoplasms
  3 giant cockroaches
  6 goblins
  6 hobgoblins
  4 kobolds
  5 quokkas
  5 ball pythons
  A frilled lizard (D:1)
  6 rats
68 creatures vanquished.

Vanquished Creatures (others)
  A demonic plant (D:4)
1 creature vanquished.

Grand Total: 69 creatures vanquished

Notes
Turn   | Place    | Note
-------+----------+-------------------------------------------
     0 | D:1      | oooooof the Ogre Berserker began the quest for the Orb.
     0 | D:1      | Reached XP level 1. HP: 24/24 MP: 1/1
    59 | D:1      | Reached XP level 2. HP: 27/32 MP: 2/2
   748 | D:1      | Found a faded altar of an unknown god.
  1094 | D:1      | Reached XP level 3. HP: 40/40 MP: 3/3
  2741 | D:2      | Reached XP level 4. HP: 49/49 MP: 4/4
  3684 | D:3      | Reached skill level 5 in Fighting
  4152 | D:3      | Found a runed translucent door.
  4152 | D:3      | Noticed Barsook's ghost (amateur DsFi)
  4265 | D:3      | Killed Barsook's ghost
  4266 | D:3      | Reached XP level 5. HP: 54/57 MP: 5/5
  4329 | D:3      | Gained mutation: You are clumsy. (Dex -2) [potion of
                  | mutation]
  4329 | D:3      | Gained mutation: You are weak. (Str -2) [potion of
                  | mutation]
  4330 | D:3      | Lost mutation: You are clumsy. (Dex -2) [potion of
                  | mutation]
  4330 | D:3      | Lost mutation: You are weak. (Str -2) [potion of mutation]
  4330 | D:3      | Gained mutation: You are clumsy. (Dex -2) [potion of
                  | mutation]
  4330 | D:3      | Gained mutation: You are occasionally teleported next to
                  | monsters. [potion of mutation]
  4330 | D:3      | Gained mutation: You are covered in fur. (AC +1) [potion of
                  | mutation]
  4397 | D:4      | Found Jucesud's Assorted Antiques.
  4491 | D:4      | Identified a scroll of acquirement
  4491 | D:4      | Acquired the +10 giant spiked club of Egomania {freeze,
                  | rElec Str+4 Dex-3 Stlth+}
  4522 | D:4      | Reached skill level 5 in Maces & Flails
  4586 | D:4      | Found a staircase to the Ecumenical Temple.
  4609 | D:4      | Reached ** piety under Trog
  4615 | D:4      | Reached XP level 6. HP: 52/67 MP: 4/6
  4965 | D:4      | HP: 2/67 [poisoned by a scorpion]
  4965 | D:4      | Slain by a scorpion

Illustrated notes

Levels and vault maps discovered:
D:1:      elethiomel_arrival_shortcut, layout_basic,
          shapermc_ecumenical_altar_mp_ritualfount,
          chequers_serial_rivers_micro_c, dreamdust_princess_corridor
D:2:      layout_basic, corexii_item_surrounded_by_moat
D:3:      layout_loops_ring, gammafunk_ghost_grave
D:4:      layout_loops_ring, minmay_temple_entry_ruins, serial_demonic,
          serial_demonic_e, serial_demonic_d, serial_demonic_e,
          serial_demonic_d, serial_demonic_d, serial_demonic_g,
          serial_demonic_e, serial_demonic_c, serial_shops,
          nicolae_shop_crystal, minmay_diced_spiral

Skill      XL: |  1  2  3  4  5 |
---------------+----------------+-----
Maces & Flails | 3 4 5 |  5.7
Fighting       | 5 |  5.7
Dodging        | |  2.6

Action                   |  1- 3 |  4- 6 || total
-------------------------+-------+-------++-------
Melee: Mace              |    93 |    75 ||   168
       Giant spiked club |       |    49 ||    49
Invok: Berserk           |     2 |     1 ||     3
       Trog's Hand       |       |     1 ||     1
  Use: Scroll            |       |     8 ||     8
       Potion            |       |     5 ||     5
 Stab: Sleeping          |     2 |     2 ||     4
Armor: Animal skin       |    34 |    56 ||    90
Dodge: Dodged            |    63 |    69 ||   132
